 Dungeon Crawl Stone Soup version 0.30-a0-12-gd8047c6341 (webtiles) character file.

Game seed: 7534906078021516769

42 porpoise the Poker (level 3, 0/30 HPs)
             Began as a Merfolk Gladiator on Aug 24, 2022.
             Succumbed to Terence's poison
             ... on level 2 of the Dungeon.
             The game lasted 00:03:53 (1359 turns).

porpoise the Poker (Merfolk Gladiator)              Turns: 1359, Time: 00:03:54

Health: 0/30       AC:  8    Str: 13 (16) XL:     3   Next: 54%
Magic:  3/3        EV: 11    Int:  5 (7)  God:
Gold:   84         SH:  0    Dex: 12 (15) Spells: 2/2 levels left

rFire   . . .      SeeInvis .    a - +0 trident
rCold   . . .      Faith    .    (no shield)
rNeg    . . .      Spirit   .    f - +0 ring mail
rPois   .          Reflect  .    c - +0 helmet
rElec   .          Harm     .    n - +1 cloak
rCorr   .          Rampage  .    (no gloves)
Will    .....      Clarity  +    (no boots)
Stlth   +.........               (no amulet)
HPRegen 0.10/turn                (no ring)
MPRegen 0.08/turn                (no ring)

@: lethally poisoned (0 -> -9), attractive, hasted, invisible, very quick
A: (nimble swimmer 2), mertail, clarity, robust 1, wild magic 1
a: no special abilities


You were on level 2 of the Dungeon.
You visited 1 branch of the dungeon, and saw 2 of its levels.

You collected 84 gold pieces.

Inventory:

Hand Weapons
 a - a +0 trident (weapon)
 b - a +0 sling
Missiles
 e - a javelin (quivered)
 q - 6 silver boomerangs
Armour
 c - a +0 helmet (worn)
 f - a +0 ring mail (worn)
 n - a +1 cloak (worn)
Jewellery
 p - a ring of magical power
Scrolls
 i - a scroll of identify {unknown}
 l - a scroll of torment {unknown}
 m - a scroll of teleportation {unknown}


   Skills:
 + Level 2.9 Fighting
 * Level 5.4 Polearms
 - Level 2.0 Throwing
 - Level 4.0 Dodging


You had 2 spell levels left.
You didn't know any spells.
Your spell library contained the following spells:

 Spells                   Type           Power      Damage    Failure   Level
 Borgnjor's Revivificati  Necr           0%         N/A       100%        8
 Necromutation            Tmut/Necr      0%         N/A       100%        8
 Death's Door             Necr           0%         N/A       100%        9


Dungeon Overview and Level Annotations

Branches:
Dungeon (2/15)

Altars:

Annotations:
D:2 Terence


Innate Abilities, Weirdness & Mutations

((You are very nimble when in or above water. (Stealth+, EV+, Speed+++)))
Your lower body shifts to a powerful aquatic tail in water.
You possess an exceptional clarity of mind.
You are robust. (+10% HP)
Your spells are a little harder to cast, but a little more powerful.


Message History

You feel sick.
Terence hits you with a +4 short sword of venom.
You are more poisoned.
You barely miss Terence.
Terence is heavily wounded.
You feel very sick. Terence hits you but does no damage.
You are more poisoned.
You hit Terence.
Terence is severely wounded.
You feel very sick. Terence says, "Did you write a will?
You should..."
Terence hits you with a +4 short sword of venom.
You are more poisoned.
It was a potion of invisibility.
You fade into invisibility!
You feel very sick. Terence barely misses you.
It was a potion of attraction.
You feel attractive to monsters.
* * * LOW HITPOINT WARNING * * *
You feel very sick. Terence misses you.
It was a potion of haste.
You feel yourself speed up.
* * * LOW HITPOINT WARNING * * *
You feel very sick. Terence misses you.
It was a potion of degeneration.
There was something very wrong with that liquid.
You feel weakened.
You feel dopey.
You feel clumsy.
* * * LOW HITPOINT WARNING * * *
You feel sick. Terence misses you.
It was a potion of mutation.
You feel extremely strange.
Your thoughts seem clearer.
You feel robust.
You feel less in control of your magic.
* * * LOW HITPOINT WARNING * * *
You feel sick.
You barely miss Terence.
Terence is severely wounded.
You die...

# . #. .. .## .. .#.#
..####.# ... .(... ..
#@.# ###.## #@.## #....#
##..# #....####
##########..# ###........
#...........# #......#
#...........## #.#....#
........#..###.#....#
####.####.##.....#....#
##.........####.###....#
##......#####.....##....#


You could see Terence (unable to see you).

Vanquished Creatures
  An adder (D:2)
  5 ball pythons
  3 endoplasms (D:1)
  A giant cockroach (D:1)
  3 goblins (D:1)
  3 hobgoblins
  3 quokkas
  2 bats
  2 frilled lizards (D:1)
  6 kobolds
  3 rats (D:1)
32 creatures vanquished.

Notes
Turn   | Place    | Note
-------+----------+-------------------------------------------
     0 | D:1      | porpoise the Merfolk Gladiator began the quest for the Orb.
     0 | D:1      | Reached XP level 1. HP: 16/16 MP: 1/1
   129 | D:1      | Reached XP level 2. HP: 12/23 MP: 2/2
   767 | D:1      | Reached skill level 5 in Polearms
   778 | D:1      | Reached XP level 3. HP: 28/28 MP: 3/3
  1334 | D:2      | Noticed Terence
  1358 | D:2      | Gained mutation: You possess an exceptional clarity of
                  | mind. [potion of mutation]
  1358 | D:2      | Gained mutation: You are robust. (+10% HP) [potion of
                  | mutation]
  1358 | D:2      | Gained mutation: Your spells are a little harder to cast,
                  | but a little more powerful. [potion of mutation]
  1358 | D:2      | HP: 1/30 [poisoned by Terence]
  1359 | D:2      | Succumbed to Terence's poison

Illustrated notes

Levels and vault maps discovered:
D:1:      nagdon_arrival_zigzag_paths, layout_basic, eino_curves_02
D:2:      layout_rooms, uniq_terence, uniq_natasha

Skill      XL: |  1  2 |
---------------+-------+-----
Polearms       | 5 |  5.4
Fighting       | |  2.9
Throwing       | |  2.0
Dodging        | |  4.0

Action                   || total
-------------------------++-------
Melee: Trident           ||   119
       Punch             ||     1
Throw: Throwing net      ||     3
  Use: Potion            ||     5
 Stab: Held in net/web   ||     3
Armor: Ring mail         ||    21
       Leather armour    ||     1
Dodge: Dodged            ||    57

Table legend: (Time is in decaauts)
 A = Elapsed time spent in this place.
 B = Non-inter-level travel time spent in this place.
 C = Inter-level travel time spent in this place.
 D = Time resting spent in this place.
 E = Time spent auto-exploring this place.
 F = Levels seen in this place.
 G = Mean time per level.
                   A        B        C        D        E       F      G
               +--------+--------+--------+--------+--------+-----+--------+
         Total |   1364 |   1344 |     20 |    403 |    634 |   2 |  682.0 |
       Dungeon |   1364 |   1344 |     20 |    403 |    634 |   2 |  682.0 |
               +--------+--------+--------+--------+--------+-----+--------+

Top non-repeatable levels by time:
     D:1: 855 daAuts
     D:2: 508 daAuts
